 Dungeon Crawl Stone Soup version 0.29-a0-284-gf9362112df (webtiles) character file.

Game seed: 16256609565453032204

47 spaghetti the Sneak (level 3, -1/24 HPs)
             Began as a Demonspawn Earth Elementalist on Mar 20, 2022.
             Was an Initiate of Gozag.
             Succumbed to an adder's poison
             ... on level 2 of the Dungeon.
             The game lasted 00:03:17 (1421 turns).

spaghetti the Sneak (Demonspawn Earth Elementalist) Turns: 1421, Time: 00:03:17

Health: -1/24      AC:  2    Str:  5 (8)  XL:     3   Next: 48%
Magic:  6/6        EV: 12    Int: 17 (18) God:    Gozag
Gold:   60         SH:  0    Dex: 11 (13) Spells: 5/6 levels left

rFire   . . .      SeeInvis .   i - +2 whip (elec) {mace}
rCold   . . .      Faith    .   (no shield)
rNeg    . . .      Spirit   .   b - +0 robe
rPois   .          Reflect  .   (helmet restricted)
rElec   .          Harm     .   (no cloak)
rCorr   .          Rampage  .   (no gloves)
Will    .....                   (no boots)
Stlth   ++........              (no amulet)
HPRegen 0.08/turn               (no ring)
MPRegen 0.10/turn               (no ring)

@: mighty, lethally poisoned (-1 -> -12), gold aura
A: antennae 2
a: Renounce Religion, Potion Petition, Call Merchant, Bribe Branch


You were on level 2 of the Dungeon.
You worshipped Gozag.
Gozag was noncommittal.
You visited 1 branch of the dungeon, and saw 2 of its levels.

You collected 60 gold pieces.


Innate Abilities, Weirdness & Mutations

You have a pair of antennae on your head.


   Skills:
 + Level 1.5 Maces & Flails
 + Level 1.9 Dodging
 + Level 3.1 Stealth
 - Level 2.0 Spellcasting
 - Level 0.8 Transmutations
 - Level 2.6 Earth Magic


You had 5 spell levels left.
You knew the following spells:

 Your Spells              Type           Power      Damage    Failure   Level
a - Sandblast             Erth           20%        2d7       6%          1

Your spell library contained the following spells:

 Spells                   Type           Power      Damage    Failure   Level
 Passwall                 Tmut/Erth      5%         N/A       14%         2
 Stone Arrow              Conj/Erth      12%        3d7       32%         3
 Petrify                  Tmut/Erth      7%         N/A       67%         4

Inventory:

Hand Weapons
 d - a +0 club {mace}
   (You took it off a goblin on level 1 of the Dungeon)
 e - a +0 mace {mace}
   (You found it on level 1 of the Dungeon)
 i - a +2 whip of electrocution (weapon) {mace}
   (You took it off a kobold on level 1 of the Dungeon)
Missiles
 a - 98 stones {throwing}
Armour
 b - a +0 robe (worn)
Scrolls
 f - a scroll of enchant armour {unknown}
 g - a scroll of identify {unknown}
 k - a scroll of fog {unknown}
 m - a scroll of blinking {unknown}
Potions
 c - a potion of magic

Dungeon Overview and Level Annotations

Branches:
Dungeon (2/15)

Altars:
Gozag

###.#.######...##.##.#.##.#
#.......# #...<..........#
#######.....#.####...##.#########
.^..................###..#
#######......_####### ##.#
#.....#.# .# ##..###.#### .# #.##
#....# .# #.# ####@# g# #.#
##S####### #.# #......... #.#
#.######## #.# #. #.# #. #. .. ##


You could see an adder.


Message History

You hit the endoplasm but do no damage. The endoplasm hits you. 😕 HP[-1]
You take 1 damage, and now have 22/24 hp.
You hit the endoplasm.
You kill the endoplasm!
(D) Dungeon
Where to? (? - help)
There is an open door here.
There is a stone staircase leading down here.
You climb downwards.
There is a stone staircase leading up here. 😕 HP[+1]
l - a smoky green potion 😎 HP[+1]
Your hp is fully restored (24).
Found a faded altar of an unknown god.
m - a scroll labelled WIVVOEWUAX An endoplasm comes into view.
An endoplasm is nearby!
An endoplasm is nearby!
The endoplasm quivers.
There is a faded altar of an unknown god here.
You cannot tell which god this altar belongs to.
Convert to them anyway?
Gozag accepts your prayer! Gozag welcomes you!
Gozag waives the service fee.
The endoplasm hits you but does no damage.
You hit the endoplasm. The endoplasm misses you.
You hit the endoplasm.
You kill the endoplasm!
You now have 60 gold pieces (gained 7).
You sense a monster nearby. 2 adders come into view.
There are monsters nearby!
The helpless adder fails to defend itself.
You hit the adder. The adder bites you. The adder closely misses you. 😕 HP[-1]
You take 1 damage, and now have 23/24 hp.
You closely miss the adder. The adder closely misses you.
The adder bites you. 😕 HP[-1]
You take 1 damage, and now have 22/24 hp.
You hit the adder. The adder bites you but does no damage.
The adder bites you. 😕 HP[-1]
You take 1 damage, and now have 21/24 hp.
You barely miss the adder. The adder bites you.
You are poisoned.
The adder poisons you! The adder misses you. The adder bites you.
The adder misses you. 😮 HP[-4]
You take 4 damage, and now have 17/24 hp.
You feel sick. The adder bites you.
You are more poisoned.
The adder poisons you! 😮 HP[-2]
You take 2 damage, and now have 15/24 hp.
You feel sick. 😮 HP[-2]
You take 2 damage, and now have 13/24 hp.
It was a potion of heal wounds.
You feel much better.
You feel sick. The adder bites you.
You are more poisoned.
The adder poisons you!
The adder bites you but does no damage. 😕 HP[+8]
You regained 8 hp, and now have 21/24 hp.
You hit the adder.
You kill the adder!
You feel sick. 😕 HP[-2]
You take 2 damage, and now have 19/24 hp.
You closely miss the adder.
You feel sick. The adder bites you. x2
You are more poisoned.
The adder poisons you!
You closely miss the adder.
You feel very sick. The adder bites you but does no damage.
You hit the adder.
You feel sick. The adder closely misses you. 😨 HP[-9]
You take 9 damage, and now have 10/24 hp.
MASSIVE DAMAGE!! (PAUSE)
You closely miss the adder.
You feel sick. The adder completely misses you. The adder bites you.
* * * LOW HITPOINT WARNING * * *
You are more poisoned.
The adder poisons you! 😱 HP[-4]
You take 4 damage, and now have 6/24 hp.
It was a potion of might.
You feel very mighty all of a sudden.
* * * LOW HITPOINT WARNING * * *
You feel very sick. The adder bites you.
* * * LOW HITPOINT WARNING * * *
😱 HP[-5]
You take 5 damage, and now have 1/24 hp.
MASSIVE DAMAGE!! (PAUSE) It was a potion of degeneration.
There was something very wrong with that liquid.
You feel weakened.
You feel dopey.
You feel clumsy.
You die...
Your body crumbles into a pile of gold.

Skill      XL: |  1  2 |
---------------+-------+-----
Stealth        | 2 3 |  3.1
Maces & Flails | 1 |  1.5
Dodging        | |  1.9
Spellcasting   | |  2.0
Transmutations | |  0.8
Earth Magic    | |  2.6

Action                   || total
-------------------------++-------
Melee: Unarmed           ||     2
       Mace              ||    12
       Whip              ||    32
 Cast: Sandblast         ||    14
  Use: Potion            ||     3
 Stab: Sleeping          ||     4
Armor: Robe              ||    11
Dodge: Dodged            ||    34

Levels and vault maps discovered:
D:1:      arrival_aquarium_a, layout_basic, minivault_27
D:2:      kb_forest_paths, layout_loops_ring, serial_shops, shop,
          basic_ecumenical_altar

Notes
Turn   | Place    | Note
-------+----------+-------------------------------------------
     0 | D:1      | spaghetti the Demonspawn Earth Elementalist began the quest
                  | for the Orb.
     0 | D:1      | Reached XP level 1. HP: 13/13 MP: 3/3
     0 | D:1      | magus.rc [v1.9.6]
     1 | D:1      | Noticed an electric eel
   131 | D:1      | Reached skill level 2 in Stealth
   387 | D:2      | Gained mutation: You have a pair of small antennae on your
                  | head. [demonic ancestry]
   387 | D:2      | Reached XP level 2. HP: 16/19 MP: 3/5
   771 | D:1      | Reached skill level 3 in Stealth
   895 | D:1      | Reached skill level 1 in Maces & Flails
   895 | D:1      | Gained mutation: You have a pair of antennae on your head.
                  | [demonic ancestry]
   895 | D:1      | Reached XP level 3. HP: 20/24 MP: 6/6
  1370 | D:2      | Found a faded altar of an unknown god.
  1388 | D:2      | Prayed at the altar of an unknown god.
  1388 | D:2      | Became a worshipper of Gozag Ym Sagoz the Greedy
  1419 | D:2      | HP: 6/24 [adder (4)]
  1420 | D:2      | HP: 1/24 [adder (2)]
  1421 | D:2      | Succumbed to an adder's poison

Vanquished Creatures
  A gnoll (D:1)
  An adder (D:2)
  A dart slug (D:1)
  2 ball pythons
  A bat (D:1)
  4 endoplasms
  A giant cockroach (D:1)
  2 hobgoblins (D:1)
  4 kobolds (D:1)
  2 frilled lizards (D:1)
  3 goblins
  3 rats
25 creatures vanquished.

Table legend:
 A = Non-vault XP
 B = Vault XP
 C = Vault XP percentage of total XP
 D = Non-vault monster count
 E = Vault monster count
 F = Vault count percentage of total count
                 A         B        C        D         E       F
            +---------+---------+-------+---------+---------+-------
      Total |      68 |       0 |   0.0 |      25 |       0 |   0.0
            +---------+---------+-------+---------+---------+-------
        D:1 |      49 |       0 |   0.0 |      20 |       0 |   0.0
        D:2 |      19 |       0 |   0.0 |       5 |       0 |   0.0
            +---------+---------+-------+---------+---------+-------

Illustrated notes

Table legend:
 A = Kills in this place as a percentage of kills in entire the game.
 B = Kills by you in this place as a percentage of kills by you in the entire game.
 C = Kills by friends in this place as a percentage of kills by friends in the entire game.
 D = Other kills in this place as a percentage of other kills in the entire game.
 E = Experience gained in this place as a percentage of experience gained in the entire game.
 F = Experience gained in this place divided by the number of levels of this place that you have seen.
                   A       B       C       D       E      F
               +-------+-------+-------+-------+-------+----------------------
         Total | 100.0 | 100.0 |   N/A |   N/A | 100.0 |  34.0
       Dungeon | 100.0 | 100.0 |   N/A |   N/A | 100.0 |  34.0
               +-------+-------+-------+-------+-------+----------------------

Table legend: (Time is in decaauts)
 A = Elapsed time spent in this place.
 B = Non-inter-level travel time spent in this place.
 C = Inter-level travel time spent in this place.
 D = Time resting spent in this place.
 E = Time spent auto-exploring this place.
 F = Levels seen in this place.
 G = Mean time per level.
                   A        B        C        D        E       F      G
               +--------+--------+--------+--------+--------+-----+--------+
         Total |   1427 |   1415 |     12 |    455 |    741 |   2 |  713.5 |
       Dungeon |   1427 |   1415 |     12 |    455 |    741 |   2 |  713.5 |
               +--------+--------+--------+--------+--------+-----+--------+

Top non-repeatable levels by time:
     D:1: 1094 daAuts
     D:2: 332 daAuts
